AoeStats
← Infadel

Arabia

508994174Analyzed
1v1 RM · 8d ago on Sep 25, 2026· 31m 35s· 2 players
Game mode
Random Map
Map size
Tiny (2 player)
Population
200
Speed
Normal
Resources
Standard
Victory
Conquest
Starting age
Dark Age
Ending age
Imperial Age
RankedLock teamsTeams togetherTeam positionsShared explorationLock speedFull tech treeHidden civsTurbo modeCheats
Victory
Defeat
🇮🇳 Mongols · India
1069
+15
🇹🇼 Wu · Taiwan
1040
-15
吶舞顆林
4:33 Loom
9:44 Feudal Age
10:29 Double-Bit Axe
10:25 Horse Collar
12:43 Wheelbarrow
13:08 Gold Mining
18:33 Castle Age
17:45 Fletching
20:28 Padded Archer Armor
26:06 Bodkin Arrow
29:59 Pikeman
Infadel
9:19 Feudal Age
7:35 Loom
9:55 Double-Bit Axe
17:01 Fletching
22:01 Castle Age
19:57 Man-at-Arms
20:49 Forging
20:40 Scale Mail Armor
21:16 Gold Mining
21:10 Horse Collar
23:08 Bow Saw
22:23 Crossbowman
25:09 Padded Archer Armor
25:05 Bodkin Arrow
25:45 Iron Casting
26:36 Leather Archer Armor
29:45 Thumb Ring
32:46 Wheelbarrow
31:57 Town Watch
Connection lost

Rejoining the realm…

Still unreachable

The connection could not be restored.

Session expired

The server has moved on; the page needs a fresh start.